 Dungeon Crawl Stone Soup version 0.24.0-123-gd5b16e6ec5 (webtiles) character file.

Game seed: 4693840602734584968, levelgen mode: deterministic

6194 Bluestream the Fighter (level 10, -7/96 HPs)
             Began as a Minotaur Berserker on Feb 2, 2020.
             Was the Champion of Trog.
             Killed from afar by a molten gargoyle (34 damage)
             ... with a bolt of magma
             ... on level 9 of the Dungeon.
             The game lasted 00:29:34 (8625 turns).

Bluestream the Fighter (Minotaur Berserker)         Turns: 8625, Time: 00:29:34

Health: -7/96      AC: 13    Str: 26    XL:     10   Next: 61%
Magic:  0/9        EV: 11    Int:  4    God:    Trog [******]
Gold:   149        SH:  4    Dex:  9    Spells: 9/9 levels left

rFire    x . .     SeeInvis .   D - +3 battleaxe (flame)
rCold    + . .     Gourm    .   (shield currently unavailable)
rNeg     . . .     Faith    .   n - +0 chain mail
rPois    .         Spirit   +   (helmet restricted)
rElec    .         Reflect  +   I - scarf {Spirit}
rCorr    .         Harm     .   v - +0 pair of gloves
MR       .....                  x - +0 pair of boots
Stlth    ..........             A - +4 amulet of reflection
HPRegen  0.26/turn              h - ring of ice
MPRegen  0.11/turn              y - ring of stealth

@: berserk cooldown
A: retaliatory headbutt, horns 2
a: Berserk, Trog's Hand, Brothers in Arms, Renounce Religion


You were on level 9 of the Dungeon.
You worshipped Trog.
Trog was exalted by your worship.
You were not hungry.

You visited 1 branch of the dungeon, and saw 9 of its levels.
You also visited: Ossuary.

You collected 446 gold pieces.
You spent 297 gold pieces at shops.

Inventory:

Hand Weapons
 i - a +1 war axe of freezing
 D - a +3 battleaxe of flaming (weapon)
Armour
 n - a +0 chain mail (worn)
 v - a +0 pair of gloves (worn)
 w - a +0 cloak
 x - a +0 pair of boots (worn)
 I - a scarf of spirit shield (worn)
Jewellery
 h - a ring of ice (left hand)
 y - a ring of stealth (right hand)
 A - a +4 amulet of reflection (around neck)
Wands
 j - a wand of enslavement (6)
 o - a wand of random effects (36)
 C - a wand of iceblast (4)
Scrolls
 a - a scroll of fog {unknown}
 e - 9 scrolls of teleportation
 f - 2 scrolls of immolation {unknown}
 g - 2 scrolls of remove curse
 k - 2 scrolls of enchant weapon {unknown}
 p - 4 scrolls of fear
 r - a scroll of blinking {unknown}
 s - 2 scrolls of magic mapping
 u - a scroll of vulnerability {unknown}
 E - a scroll of random uselessness {unknown}
Potions
 b - 7 potions of curing
 l - 4 potions of heal wounds
 m - 3 potions of magic
 q - 3 potions of haste
 t - 3 potions of might
 z - a potion of mutation
 B - a potion of flight
 G - a potion of agility {unknown}
 H - a potion of lignification {unknown}
Comestibles
 c - 14 rations
 F - 5 chunks of flesh


   Skills:
 * Level 11.5 Fighting
 * Level 11.5 Axes
 + Level 8.2 Armour
 + Level 7.5 Dodging


You had 9 spell levels left.
You didn't know any spells.
Your spell library was empty.

Dungeon Overview and Level Annotations

Branches:
Dungeon (9/15)             Temple (0/1) D:7         Ossuary (visited)
   Lair: D:8-11         Orc: D:9-12

Altars:
Dithmenos
Gozag
Kikubaaqudgha
Makhleb
Nemelex Xobeh
Qazlal
Trog
Uskayaw
Vehumet
Wu Jian
Yredelemnul
Zin
The Shining One

Shops:
D:6 =   D:7 *   D:8 !%


Innate Abilities, Weirdness & Mutations

You reflexively headbutt those who attack you in melee.
You have a pair of horns on your head.


Message History

Magic restored.
You feel sick.
You start resting.
You feel sick.
Eating one of 6 chunks of flesh.
You eat one of the 6 chunks of flesh.
This raw flesh tastes terrible.
You feel sick. x3
You are no longer poisoned.
You start resting.
A molten gargoyle comes into view. It is wielding a +0 morningstar.
A molten gargoyle is nearby!
Press: ? - help, v - describe, . - travel A rock wall.
The molten gargoyle blasts magma at you!
The bolt of magma hits you!!! The lava burns you terribly!
* * * LOW HITPOINT WARNING * * *
You feel yourself speed up.
Things that are here:
a +0 short sword; a +0 plate armour The molten gargoyle blasts magma at you!
The bolt of magma hits you!!! The lava burns you terribly!
You die...

.......).......# ...
.......).......#####..#
.......#####..........#
....... #..........#
....... #..........#
.......#####....).....#
..<...........9)).....#
..............))......#
.......####....@....###
#....<....# #.........#
#.........# #....######
#....# #....# #.....
######


You could see a molten gargoyle.

Vanquished Creatures
  Psyche (D:9)
  A troll (D:9)
  Sigmund (D:4)
  5 yaks (D:5)
  A wyvern (D:8)
  Eustachio (D:5)
  Menkaure (Ossuary)
  3 orc warriors
  Duvessa (D:5)
  2 sky beasts
  2 necrophages
  7 ogres
  6 centaurs
  3 phantoms
  A big kobold (D:8)
  4 bullfrogs
  Dowan (D:5)
  2 scorpions
  A howler monkey (D:2)
  A bullfrog zombie (D:6)
  3 crimson imps
  4 hounds
  Crazy Yiuf (D:4)
  A centaur skeleton (D:7)
  2 centaur zombies
  8 orc priests
  4 iguanas
  15 orc wizards
  5 worker ants
  2 killer bee zombies
  A hound zombie (D:5)
  A hound skeleton (D:4)
  3 mummies (Ossuary)
  A worker ant zombie (D:7)
  Robin (D:2)
  20 gnolls
  4 adders
  A howler monkey skeleton (D:6)
  A shadow imp (D:7)
  2 oozes
  3 adder skeletons (D:6)
  4 worms
  A dart slug (D:2)
  5 leopard geckos
  35 orcs
  11 giant cockroaches
  4 gnoll zombies (Ossuary)
  11 goblins
  12 hobgoblins
  6 jackals
  3 quokkas
  A ball python (D:6)
  3 bats (D:1)
  4 frilled lizards
  8 gnoll skeletons (Ossuary)
  4 goblin skeletons (Ossuary)
  9 goblin zombies (Ossuary)
  A hobgoblin skeleton (Ossuary)
  2 hobgoblin zombies (Ossuary)
  5 kobolds
  2 kobold skeletons (Ossuary)
  4 kobold zombies (Ossuary)
  4 orc skeletons (Ossuary)
  2 orc zombies (Ossuary)
  2 quokka zombies (D:8)
  7 rats
  5 rat skeletons (Ossuary)
  3 rat zombies (Ossuary)
286 creatures vanquished.

Vanquished Creatures (others)
  A hobgoblin skeleton (Ossuary)
  A kobold zombie (Ossuary)
2 creatures vanquished.

Grand Total: 288 creatures vanquished

Notes
Turn   | Place    | Note
-------+----------+-------------------------------------------
     0 | D:1      | Bluestream the Minotaur Berserker began the quest for the
                  | Orb.
     0 | D:1      | Reached XP level 1. HP: 19/19 MP: 0/0
    86 | D:1      | Reached XP level 2. HP: 23/27 MP: 1/1
   907 | D:2      | Reached XP level 3. HP: 33/33 MP: 2/2
  1033 | D:2      | Reached ** piety under Trog
  1095 | D:2      | Reached XP level 4. HP: 30/41 MP: 3/3
  1297 | D:2      | Found a basalt altar of Yredelemnul.
  1298 | D:2      | Found a stormy altar of Qazlal.
  1298 | D:2      | Found a shadowy altar of Dithmenos.
  1299 | D:2      | Found an ornate altar of the Wu Jian Council.
  1299 | D:2      | Found a bloodstained altar of Trog.
  1308 | D:2      | Found a hide-covered altar of Uskayaw.
  1309 | D:2      | Found a sparkling altar of Nemelex Xobeh.
  1369 | D:2      | Found a radiant altar of Vehumet.
  1477 | D:2      | Found a glowing golden altar of the Shining One.
  1477 | D:2      | Found a burning altar of Makhleb.
  1477 | D:2      | Noticed Robin
  1486 | D:2      | Killed Robin
  1486 | D:2      | Reached XP level 5. HP: 47/47 MP: 4/4
  1487 | D:2      | Reached skill level 5 in Fighting
  1597 | D:2      | Found an ancient bone altar of Kikubaaqudgha.
  1665 | D:2      | You fall into a shaft and drop 2 floors!
  1678 | D:4      | Reached skill level 5 in Axes
  1973 | D:3      | Reached *** piety under Trog
  2445 | D:3      | Reached XP level 6. HP: 46/56 MP: 5/5
  3121 | D:4      | Reached XP level 7. HP: 47/64 MP: 6/6
  3500 | D:4      | Noticed Sigmund
  3511 | D:4      | Killed Sigmund
  3693 | D:4      | Found a runed translucent door.
  3694 | D:4      | Noticed Crazy Yiuf
  4019 | D:4      | Killed Crazy Yiuf
  4019 | D:4      | Reached skill level 5 in Armour
  4178 | D:5      | Entered Level 5 of the Dungeon
  4191 | D:5      | Reached XP level 8. HP: 60/73 MP: 7/7
  4403 | D:5      | Noticed Eustachio
  4415 | D:5      | Killed Eustachio
  4561 | D:5      | Noticed Dowan
  4566 | D:5      | Noticed Duvessa
  4574 | D:5      | Reached **** piety under Trog
  4583 | D:5      | Killed Duvessa
  4583 | D:5      | Reached skill level 5 in Dodging
  4593 | D:5      | Killed Dowan
  4859 | D:5      | Reached XP level 9. HP: 76/82 MP: 8/8
  5493 | D:6      | Found Alemoroh's Jewellery Shoppe.
  5524 | D:6      | Reached ***** piety under Trog
  5608 | D:6      | Reached skill level 10 in Fighting
  5608 | D:6      | Reached skill level 10 in Axes
  6209 | D:6      | Found an opulent altar of Gozag.
  6210 | D:6      | Found a glowing silver altar of Zin.
  6300 | D:6      | Bought a +4 amulet of reflection for 297 gold pieces
  6604 | D:7      | Reached XP level 10. HP: 72/94 MP: 9/9
  6831 | D:7      | Found Jeacsas's Assorted Antiques.
  6922 | D:7      | Received a gift from Trog
  7038 | D:7      | Found a staircase to the Ecumenical Temple.
  7483 | D:8      | Found a sand-covered staircase.
  7489 | Ossuary  | Entered an ossuary
  7695 | Ossuary  | Received a gift from Trog
  7744 | Ossuary  | Noticed Menkaure
  7752 | Ossuary  | Killed Menkaure
  8035 | D:8      | Found Qarchyv's Food Emporium.
  8120 | D:8      | Found Sarevudel's Distillery.
  8485 | D:9      | Reached ****** piety under Trog
  8585 | D:9      | Noticed Psyche
  8593 | D:9      | Killed Psyche
  8615 | D:9      | Noticed a molten gargoyle
  8625 | D:9      | Killed from afar by a molten gargoyle

Levels and vault maps discovered:
D:1:      saegor_arrival_miasma, layout_basic
D:2:      layout_rooms, lemuel_doored_altar, grunt_temple_overflow_open,
          gammafunk_temple_overflow_forgotten, uniq_robin
D:3:      layout_loops_cross, first_ration
D:4:      layout_loops_ring, uniq_sigmund, uniq_crazy_yiuf_cottage
D:5:      layout_basic, uniq_eustachio, uniq_duvessa
D:6:      minmay_diamond_boxcup, layout_basic,
          grunt_temple_overflow_gold_and_silver, serial_shops, shop_statue
D:7:      layout_basic, temple_doors_e, serial_shops,
          nicolae_shop_temple_entry_statues_fountains
D:8:      layout_rooms, nicolae_ossuary_entry_plus, serial_shops, shop, shop,
          the_bakery
D:9:      layout_small_grid, minivault_8, uniq_psyche, uniq_harold, uniq_erica,
          uniq_maurice

Skill      XL: |  1  2  3  4  5  6  7  8  9 10 |
---------------+-------------------------------+-----
Axes           | 4 5 6 7 8 10 11 | 11.5
Fighting       | 4 5 6 7 8 10 11 | 11.5
Armour         | 3 4 5 6 7 8 |  8.2
Dodging        | 3 4 5 6 7 |  7.5

Action                   |  1- 3 |  4- 6 |  7- 9 | 10-12 || total
-------------------------+-------+-------+-------+-------++-------
Melee: Hand axe          |    75 |    95 |       |       ||   170
       Headbutt          |    11 |    35 |    44 |    27 ||   117
       War axe           |       |    37 |   257 |   101 ||   395
       Battleaxe         |       |       |       |    62 ||    62
Invok: Berserk           |       |     3 |     5 |     3 ||    11
  Use: Scroll            |       |       |     6 |     4 ||    10
 Stab: Sleeping          |     1 |       |       |       ||     1
  Eat: Chunk             |     1 |     4 |    14 |     7 ||    26
       Ration            |       |     1 |     1 |     1 ||     3
Armor: Animal skin       |    17 |     3 |       |       ||    20
       Leather armour    |       |    11 |       |       ||    11
       Chain mail        |       |     8 |   127 |    69 ||   204
       Scale mail        |       |     1 |       |       ||     1
Dodge: Dodged            |    37 |    47 |   127 |    60 ||   271
Block: Other             |       |       |     9 |    24 ||    33
       Reflection        |       |       |     3 |     1 ||     4
